 Dungeon Crawl Stone Soup version 0.31.0-1-g2c135a0 (webtiles) character file.

Game seed: 16124130907212289613

102254 jagoly the Severer (level 16, -7/104 HPs)
             Began as a Gargoyle Monk on Jan 28, 2024.
             Was the Champion of the Shining One.
             Blown up by an orb spider (53 damage)
             ... with an orb of destruction
             ... on level 4 of the Spider Nest on Jan 29, 2024.
             The game lasted 02:42:14 (9609 turns).

jagoly the Severer (Gargoyle Monk)                  Turns: 9609, Time: 02:42:15

Health: -7/104     AC: 30    Str: 28    XL:     16   Next: 5%
Magic:  22/22      EV: 17    Int: 14    God:    the Shining One [******]
Gold:   1298       SH: 11    Dex: 12    Spells: 11/15 levels left

rFire   + + .        a - +2 broad axe (heavy)
rCold   + + +        d - +0 kite shield
rNeg    + + +        E - quicksilver dragon scales
rPois   ∞            v - -2 hat of the Alchemist {rElec rPois rF+ rC+ rN+ Will+ rMut rCorr}
rElec   +            p - scarf {rC+ rF+}
rCorr   +            r - +2 pair of gloves "Luyshaenk" {Str+5 Int+3}
SInv    .            y - +2 pair of boots
Will    +++..        P - amulet of regeneration
Stlth   +            V - +5 ring of evasion
HPRegen 1.17/turn    O - ring of protection from cold
MPRegen 0.18/turn

%: resist mutation
@: flying, glowing, studying Shapeshifting
A: sickness immunity, AC +12, big wings, negative energy resistance 1,
electricity resistance, torment resistance 1, petrification resistance
a: Renounce Religion, Divine Shield, Cleansing Flame, Summon Divine Warrior,
Brand Weapon With Holy Wrath


You were on level 4 of the Spider Nest.
You worshipped the Shining One.
The Shining One was exalted by your worship.
You visited 4 branches of the dungeon, and saw 22 of its levels.
You also visited: Gauntlet and Ice Cave.

You collected 1298 gold pieces.

Inventory:

Hand Weapons
 a - a +2 heavy broad axe (weapon)
 w - a +3 trident
Missiles
 f - 23 poisoned darts
 k - a throwing net
 q - 3 silver javelins
 u - 32 stones (quivered)
 C - 6 boomerangs
 N - a curare-tipped dart
 R - 10 javelins
Armour
 d - a +0 kite shield (worn)
 p - a scarf of resistance (worn)
 r - the +2 pair of gloves "Luyshaenk" (worn) {Str+5 Int+3}
   (You found it on level 3 of the Dungeon)

   Str+5:     It affects your strength (+5).
   Int+3:     It affects your intelligence (+3).
 v - the -2 hat of the Alchemist (worn) {rElec rPois rF+ rC+ rN+ Will+ rMut rCorr}
   (You found it in a Gauntlet)

   rF+:       It protects you from fire.
   rC+:       It protects you from cold.
   rElec:     It insulates you from electricity.
   rPois:     It protects you from poison rN+: It protects you from negative
   energy.
   Will+:     It increases your willpower.
   rCorr:     It protects you from acid and corrosion.
   rMut:      It protects you from mutation.
 y - a +2 pair of boots (worn)
 E - quicksilver dragon scales (worn)
Jewellery
 z - a ring of willpower
 O - a ring of protection from cold (right hand)
 P - an amulet of regeneration (around neck)
 V - a +5 ring of evasion (left hand)
 Y - a ring of protection from fire
Wands
 l - a wand of iceblast (10)
 t - a wand of charming (11)
 T - a wand of mindburst (8)
 W - a wand of digging (3)
 Z - a wand of quicksilver (2)
Scrolls
 e - a scroll of torment {unknown}
 g - 4 scrolls of poison
 i - 4 scrolls of vulnerability
 m - 3 scrolls of revelation
 s - a scroll of enchant weapon {unknown}
 A - 2 scrolls of summoning {unknown}
 F - 6 scrolls of immolation
 J - a scroll of blinking {unknown}
 K - a scroll of amnesia {unknown}
 L - 2 scrolls of fog {unknown}
 M - 8 scrolls of teleportation
 S - 5 scrolls of enchant armour
Potions
 c - a potion of ambrosia
 h - 3 potions of brilliance {unknown}
 j - 2 potions of magic {unknown}
 n - 2 potions of cancellation {unknown}
 o - 2 potions of attraction {unknown}
 x - 3 potions of heal wounds {unknown}
 D - 3 potions of enlightenment {unknown}
 G - a potion of haste {unknown}
 H - 4 potions of curing
 I - a potion of berserk rage {unknown}
 Q - 6 potions of might
 U - 5 potions of invisibility {unknown}
Miscellaneous
 b - a sack of spiders


   Skills:
 + Level 13.0 Fighting
 * Level 15.0 Axes
 - Level 2.0 Throwing
 + Level 11.6 Armour
 - Level 6.0 Dodging
 - Level 2.0 Stealth
 * Level 11.7 Shields
 - Level 5.0 Translocations
 - Level 8.0 Earth Magic
 + Level 9.3 Invocations
 - Level 2.0 Evocations


You had 11 spell levels left.
You knew the following spells:

 Your Spells              Type           Power      Damage    Failure   Level
q - Apportation           Tloc           28%        N/A       8%          1
w - Passwall              Erth           22%        N/A       7%          3

Your spell library contained the following spells:

 Spells                   Type           Power      Damage    Failure   Level
 Sandblast                Erth           44%        2d11      2%          1
 Stone Arrow              Conj/Erth      22%        3d8       34%         3
 Necrotise                Necr           0%         1d4       52%         1
 Sting                    Conj/Alch      0%         1d3       52%         1
 Summon Small Mammal      Summ           0%         N/A       52%         1
 Call Imp                 Summ           0%         N/A       65%         2
 Ensorcelled Hibernation  Hex/Ice        0%         N/A       65%         2
 Brom's Barrelling Bould  Conj/Erth      11%        2d3       75%         4
 Leda's Liquefaction      Alch/Erth      5%         N/A       75%         4
 Petrify                  Alch/Erth      11%        N/A       75%         4
 Frozen Ramparts          Ice            0%         1d1       87%         3
 Hailstorm                Conj/Ice       0%         3d5       87%         3
 Inner Flame              Hex/Fire       0%         N/A       87%         3
 Summon Ice Beast         Ice/Summ       0%         N/A       87%         3
 Swiftness                Air            0%         N/A       87%         3
 Flame Wave               Conj/Fire      0%         2d4       99%         4
 Sticky Flame             Fire/Alch      0%         2d4       99%         4
 Metabolic Englaciation   Hex/Ice        0%         N/A       100%        5
 Sculpt Simulacrum        Ice/Alch       0%         N/A       100%        6
 Summon Hydra             Summ           0%         N/A       100%        7
 Sublimation of Blood     Necr           Unusable   N/A       N/A         2

Dungeon Overview and Level Annotations

Branches:
Dungeon (12/15) Zot: 26601  Temple (1/1) D:4 Zot: 5987    Lair (5/5) D:11 Zot: 25754
  Swamp (0/4) Lair:2       Spider (4/4) Lair:2 Zot: 22711   Slime (0/5) Lair:5
    Orc (0/2) D:10          IceCv (visited)         Gauntlet (visited)

Altars:
Ashenzari
Cheibriados
Dithmenos
Elyvilon
Fedhas
Gozag
Hepliaklqana
Kikubaaqudgha
Makhleb
Nemelex Xobeh
Okawaru
Qazlal
Ru
Sif Muna
Trog
Vehumet
Wu Jian
Yredelemnul
Zin
The Shining One

Shops:
D:5 =   D:8 :

Annotations:
D:9 2 transporters


Innate Abilities, Weirdness & Mutations

You are immune to sickness and miasma.
Your stone body is resilient. (AC +12)
You are immune to poison.
Your large and strong wings let you fly.
You resist negative energy. (rN+)
You are resistant to electric shocks. (rElec)
You are resistant to unholy torment.
You are immune to petrification.


Message History

You kill the redback!
You barely miss the redback.
A freezing mist starts to gather...
A redback simulacrum comes into view.
The redback bites you but does no damage.
The redback closely misses you. x2
The orb spider weaves a glowing orb of energy.
The orb of destruction hits a rock wall.
You slash the redback simulacrum!
The redback simulacrum is moderately damaged.
You barely miss the redback. The redback closely misses you.
You block the redback simulacrum's attack.
The redback closely misses you.
You hit the boulder beetle.
The boulder beetle is lightly wounded.
You slash the redback! The redback bites you.
The redback bites you but does no damage.
You slice the redback!!
You kill the redback!
You hit the boulder beetle but do no damage.
The boulder beetle misses you. The boulder beetle closely misses you.
You hit the boulder beetle but do no damage.
The boulder beetle is lightly wounded.
The orb spider pulsates with a strange energy.
The boulder beetle misses you.
You chop the boulder beetle into pieces!!!
The boulder beetle is severely wounded.
The orb spider's soul is no longer bound.
The boulder beetle completely misses you.
You block the boulder beetle's attack.
You slice the boulder beetle!!
The boulder beetle is almost dead.
The boulder beetle leaps!
You slice the redback simulacrum!!
The redback simulacrum vaporises!
The boulder beetle leaps!
The orb spider weaves a glowing orb of energy.
The orb of destruction hits a rock wall.
The orb spider pulsates with a strange energy.
The orb spider weaves a glowing orb of energy.
An orb of destruction comes into view.
The wavering orb of destruction hits you!
You hear a chilling moan.
A pharaoh ant comes into view.
The orb spider spins a strand of pure energy.
The boulder beetle curls into a ball and begins rolling!
You slash the orb spider!
The orb spider is severely wounded.
The orb spider weaves a glowing orb of energy.
The wavering orb of destruction weakly hits you!
The boulder beetle barely misses you.
The boulder beetle stops rolling and uncurls.
You carve the boulder beetle like a ham!!!
You kill the boulder beetle!
You slash the orb spider!
A redback comes into view.
You slice the orb spider!!
You kill the orb spider!
The pharaoh ant bites you but does no damage.
You open the pharaoh ant like a pillowcase!!!
You destroy the pharaoh ant!
The Shining One accepts your kill.
The pharaoh ant binds the souls of nearby monsters.
You block the redback's attack.
You slice the redback like a ripe choko!!!
You kill the redback!
A freezing mist starts to gather...
A redback simulacrum comes into view.
You carve the redback simulacrum like a ham!!!
The redback simulacrum vaporises!
You see here a redback corpse.
You see here a demonic crawler corpse.
Found a stone staircase leading up.
You now have 1227 gold pieces (gained 23).
Found a scroll of noise.
There is a stone staircase leading up here.
HP restored.
You fly upwards.
There is a stone staircase leading down here.
You fly downwards.
There is a stone staircase leading up here.
Found an arbalest.
You see here a +0 arbalest.
You see here a scroll of noise.
Found 23 gold pieces.
A steelbarb worm comes into view.
Found a scroll of teleportation.
You hit the steelbarb worm but do no damage.
You block the steelbarb worm's attack. x2
You slice the steelbarb worm!!
The steelbarb worm is heavily wounded.
You block the steelbarb worm's attack.
The steelbarb worm hits you but does no damage.
You slice the steelbarb worm!!
You kill the steelbarb worm!
No target in view!
M - 8 scrolls of teleportation (gained 1)
You see here a steelbarb worm corpse.
You now have 1250 gold pieces (gained 23).
A radroach comes into view.
Found 3 stones.
The radroach moves out of view.
Throw: 30 stones
Press: ? - help, Q - select action, (/) - cycle Shift-Dir - straight line, f - radroach
Aim: a radroach (haloed, 97% to hit)
You throw a stone. The stone hits the radroach.
The radroach is lightly wounded.
You hit the radroach but do no damage.
The radroach is lightly wounded.
The radroach completely misses you. x2
You hit the radroach.
The radroach is lightly wounded.
The radroach erupts in a fountain of uncontrolled magic!
You are blasted with magical radiation.
You are very lightly contaminated with residual magic.
The radroach bites you.
The radroach claws you but does no damage.
You carve the radroach like a ham!!!
The radroach is heavily wounded.
You hear a faint skittering sound.
A tarantella comes into view.
The radroach bites you! You block the radroach's attack.
You slash the radroach!
The radroach is severely wounded.
You block the radroach's attack. The radroach misses you.
The tarantella touches you but does no damage.
You slice the radroach!!
You kill the radroach!
You slash the tarantella! The tarantella completely misses you.
You block the tarantella's attack.
You slash the tarantella!
You kill the tarantella!
You see here a radroach corpse.
Found a battleaxe.
u - 32 stones (gained 3)
A wolf spider comes into view.
The wolf spider's many legs skitter.
You block the wolf spider's attack. The wolf spider completely misses you.
You slice the wolf spider!!
The wolf spider is moderately wounded.
The wolf spider hits you.
The wolf spider bites you but does no damage.
You block the wolf spider's attack. The wolf spider bites you!
You cut the wolf spider into ribbons!!!
You kill the wolf spider!
No target in view!
Your magical contamination has completely faded away.
You see here a tarantella corpse.
Found a stone staircase leading up.
Found a book of Sloth.
You pick up a book of Sloth and begin reading...
You add the spells Frozen Ramparts, Leda's Liquefaction, Petrify and Metabolic Englaciation to your library.
You are caught in the web!
There is a web here.
You struggle to detach yourself from the web.
You disentangle yourself.
Found a robe.
Found 19 gold pieces.
You now have 1269 gold pieces (gained 19).
Found a short runed staff and 22 gold pieces.
You see here a staff of alchemy.
You now have 1291 gold pieces (gained 22).
Found a robe.
An emperor scorpion comes into view.
Found 7 gold pieces and a scroll of vulnerability.
The emperor scorpion completely misses you.
The emperor scorpion claws you but does no damage. x2
You hit the emperor scorpion.
The emperor scorpion is lightly wounded.
You block the emperor scorpion's attack. x2
The emperor scorpion barely misses you.
You open the emperor scorpion like a pillowcase!!!
The emperor scorpion is severely wounded.
The emperor scorpion stings you but does no damage.
You block the emperor scorpion's attack. x2
The emperor scorpion stings you but does no damage.
The emperor scorpion claws you but does no damage.
The emperor scorpion misses you.
You slice the emperor scorpion!!
The emperor scorpion is almost dead.
The emperor scorpion stings you but does no damage.
The emperor scorpion misses you.
You block the emperor scorpion's attack.
You hit the emperor scorpion but do no damage.
The emperor scorpion is almost dead.
The emperor scorpion closely misses you.
The emperor scorpion claws you.
You block the emperor scorpion's attack.
The emperor scorpion barely misses you.
The emperor scorpion closely misses you.
The emperor scorpion claws you.
You slice the emperor scorpion!!
You kill the emperor scorpion!
No target in view!
You now have 1298 gold pieces (gained 7).
i - 4 scrolls of vulnerability (gained 1)
You are caught in the web!
There is a web here.
You disentangle yourself.
A pharaoh ant, 2 jumping spiders and a steelbarb worm come into view.
The jumping spider's many legs skitter faintly.
The pharaoh ant gives a chilling moan.
The jumping spider's many legs skitter faintly.
You hear a faint skittering sound. x2
A tarantella comes into view. x2
The jumping spider moves out of view.
You hear a skittering sound.
An emperor scorpion comes into view.
The emperor scorpion moves out of view.
The jumping spider leaps! x2
A tarantella comes into view.
You block the jumping spider's attack. x2
The jumping spider pounces on you but does no damage.
The jumping spider bites you but does no damage.
You block the jumping spider's attack. x2
The tarantella's many legs skitter faintly.
A culicivora comes into view.
You block the pharaoh ant's attack.
A steelbarb worm comes into view.
The pharaoh ant bites you!!
The culicivora moves out of view.
A redback comes into view.
Your shield is strengthened by the Shining One's divine power.
You block the jumping spider's attack. x2
A wolf spider comes into view.
The tarantella touches you but does no damage.
The pharaoh ant bites you but does no damage.
You block the jumping spider's attack. The jumping spider barely misses you.
The redback moves out of view.
You slice the pharaoh ant!!
The pharaoh ant is heavily damaged.
You closely miss the tarantella. You slice the jumping spider!!
The tarantella touches you but does no damage.
The pharaoh ant misses you. You block the jumping spider's attack.
The jumping spider barely misses you. The tarantella completely misses you.
A redback comes into view.
The pharaoh ant bites you but does no damage.
The jumping spider pounces on you! The jumping spider closely misses you.
You slice the pharaoh ant!!
You destroy the pharaoh ant!
The Shining One accepts your kill.
You feel better.
You feel your power returning.
The pharaoh ant binds the souls of nearby monsters.
You slice the tarantella!!
You hit the jumping spider but do no damage.
You block the tarantella's attack.
The jumping spider pounces on you but does no damage.
You block the jumping spider's attack. The tarantella barely misses you.
A culicivora comes into view.
The culicivora's many legs skitter faintly.
You slash the steelbarb worm!
The steelbarb worm is lightly wounded.
You slice the jumping spider!!
You kill the jumping spider!
You closely miss the tarantella.
A freezing mist starts to gather...
A jumping spider simulacrum comes into view.
You block the tarantella's attack. You block the steelbarb worm's attack.
You block the tarantella's attack. The steelbarb worm misses you.
You carve the steelbarb worm like a ham!!!
The steelbarb worm is severely wounded.
You hit the tarantella but do no damage.
You hear a faint skittering sound. x2
You block the tarantella's attack.
You cut the emperor scorpion into ribbons!!!
The emperor scorpion is heavily wounded.
You slash the jumping spider simulacrum!
You hit the tarantella.
You hear a faint skittering sound. x2
A redback comes into view.
You block the tarantella's attack.
The jumping spider simulacrum pounces on you but does no damage.
The jumping spider simulacrum bites you but does no damage.
You block the emperor scorpion's attack. x2
The emperor scorpion claws you. The tarantella barely misses you.
The jumping spider simulacrum pounces on you but does no damage.
The jumping spider simulacrum bites you but does no damage.
You hit the emperor scorpion but do no damage.
The emperor scorpion is heavily wounded.
You slice the jumping spider simulacrum!!
The jumping spider simulacrum vaporises!
You completely miss the tarantella.
A tarantella comes into view.
You block the tarantella's attack. The emperor scorpion stings you!
You block the emperor scorpion's attack.
The emperor scorpion claws you but does no damage.
You block the tarantella's attack.
The emperor scorpion stings you but does no damage.
The emperor scorpion claws you but does no damage. x2
The jumping spider pounces on you but does no damage.
The jumping spider closely misses you.
The tarantella moves out of view.
You slash the emperor scorpion!
The emperor scorpion is heavily wounded.
You slash the jumping spider! You slash the tarantella!
You kill the tarantella!
You block the jumping spider's attack. x2
You block the emperor scorpion's attack.
The emperor scorpion closely misses you.
The emperor scorpion barely misses you. The jumping spider closely misses you.
The jumping spider bites you.
The emperor scorpion stings you but does no damage.
The emperor scorpion barely misses you. The emperor scorpion claws you.
You slice the emperor scorpion!!
The emperor scorpion is almost dead.
You hit the steelbarb worm but do no damage.
You hit the jumping spider.
You hear a faint skittering sound.
The jumping spider pounces on you but does no damage.
You block the jumping spider's attack. The steelbarb worm closely misses you.
You block the emperor scorpion's attack. x2
The emperor scorpion claws you.
The jumping spider completely misses you. x2
You slice the emperor scorpion!!
You kill the emperor scorpion!
You slice the jumping spider!!
You kill the jumping spider!
You slice the steelbarb worm!!
A freezing mist starts to gather...
An emperor scorpion simulacrum comes into view.
You hear a faint skittering sound.
The steelbarb worm closely misses you. You block the culicivora's attack.
An orb spider comes into view.
The steelbarb worm hits you but does no damage. x2
You slash the culicivora!
The culicivora is moderately wounded.
You hit the steelbarb worm but do no damage.
You slash the steelbarb worm! You block the culicivora's attack.
The culicivora bites you but does no damage.
You block the steelbarb worm's attack. The steelbarb worm misses you.
You open the culicivora like a pillowcase!!!
You kill the culicivora!
The Shining One accepts your kill.
You feel better.
You slice the steelbarb worm!!
You kill the steelbarb worm!
You barely miss the steelbarb worm.
A freezing mist starts to gather...
A steelbarb worm simulacrum comes into view.
A tarantella comes into view.
You block the steelbarb worm's attack. You block the culicivora's attack.
The wolf spider barely misses you. You block the wolf spider's attack.
The steelbarb worm barely misses you. The culicivora bites you.
The tarantella moves out of view.
Your Axes skill increases to level 15!
You carve the steelbarb worm simulacrum like a ham!!!
The steelbarb worm simulacrum vaporises!
You slash the wolf spider! You slice the steelbarb worm!!
You closely miss the culicivora. You block the wolf spider's attack. x2
The culicivora misses you. You block the steelbarb worm's attack.
The wolf spider closely misses you.
The wolf spider bites you but does no damage.
The culicivora bites you!
You carve the wolf spider like a ham!!!
You kill the wolf spider!
You slash the steelbarb worm! You hit the culicivora.
A freezing mist starts to gather...
A wolf spider simulacrum comes into view.
You hear a faint skittering sound. x2
The steelbarb worm hits you!
Barbed spikes become lodged in your body.
You block the culicivora's attack. The steelbarb worm closely misses you.
You block the culicivora's attack.
You have reached level 16!
You feel stronger.
You chop the culicivora into pieces!!!
The culicivora is almost dead.
You slash the steelbarb worm!
You kill the steelbarb worm!
You slice the wolf spider simulacrum!!
You hear a faint skittering sound.
You block the culicivora's attack.
The wolf spider simulacrum hits you but does no damage.
You block the wolf spider simulacrum's attack.
You block the tarantella's attack.
The culicivora bites you but does no damage.
The wolf spider simulacrum barely misses you.
The wolf spider simulacrum bites you but does no damage.
You completely miss the culicivora.
The culicivora is almost dead.
You slash the wolf spider simulacrum!
The wolf spider simulacrum vaporises!
You slice the tarantella!!
You kill the tarantella!
The culicivora barely misses you.
You closely miss the culicivora.
The culicivora is almost dead.
You slice the redback!!
You carefully extract the barbed spikes from your body.
You block the culicivora's attack. The redback completely misses you.
You block the culicivora's attack.
The redback bites you but does no damage.
The redback is engulfed in freezing vapours.
The redback bites you but does no damage.
You closely miss the culicivora.
The culicivora is almost dead.
You slice the redback!!
You kill the redback!
You barely miss the redback. You block the culicivora's attack.
The redback is engulfed in freezing vapours.
You block the redback's attack. You block the tarantella's attack.
The culicivora barely misses you.
The redback is engulfed in freezing vapours.
The redback barely misses you.
You slash the culicivora!
You kill the culicivora!
The Shining One accepts your kill.
You slice the tarantella!! You closely miss the redback.
You block the tarantella's attack.
A redback comes into view.
The redback is engulfed in freezing vapours.
The redback dies!
You block the tarantella's attack.
You completely miss the tarantella.
The tarantella is almost dead.
You slash the redback!
The tarantella's soul is no longer bound.
You block the tarantella's attack. You block the redback's attack.
You block the tarantella's attack.
The redback bites you but does no damage.
You barely miss the tarantella.
The tarantella is almost dead.
The tarantella's many legs skitter faintly.
You slash the redback! You block the redback's attack.
The tarantella touches you.
You are afflicted by dizzying energies!
You are confused.
The tarantella touches you. The redback completely misses you.
The tarantella closely misses you.
The tarantella attacks as it pursues you!
The tarantella misses you. The tarantella barely misses you.
You bump into the rock wall.
You cut the redback into ribbons!!!
You kill the redback!
You hit the emperor scorpion simulacrum.
The emperor scorpion simulacrum hits you but does no damage.
The emperor scorpion simulacrum misses you.
The emperor scorpion simulacrum claws you but does no damage.
The tarantella misses you.
Your Fighting skill increases to level 13!
You hit the tarantella.
You kill the tarantella!
You hit the emperor scorpion simulacrum but do no damage.
The emperor scorpion simulacrum barely misses you.
The emperor scorpion simulacrum claws you but does no damage.
The emperor scorpion simulacrum closely misses you.
The redback bites you.
You are too confused!
You are too confused!
You're too confused to move!
The redback completely misses you.
The tarantella touches you but does no damage.
You barely miss the tarantella. You slice the redback!!
You feel less confused.
The redback bites you but does no damage.
You block the tarantella's attack. You block the redback's attack.
You carve the tarantella like a ham!!!
You kill the tarantella!
You slice the redback!!
You kill the redback!
You barely miss the tarantella.
You slice the emperor scorpion simulacrum!!
The tarantella touches you but does no damage.
You block the emperor scorpion simulacrum's attack. x2
The emperor scorpion simulacrum claws you but does no damage.
You block the tarantella's attack.
The emperor scorpion simulacrum hits you.
The emperor scorpion simulacrum freezes you.
You resist.
The emperor scorpion simulacrum claws you but does no damage. x2
You hit the emperor scorpion simulacrum.
The emperor scorpion simulacrum vaporises!
You closely miss the tarantella. The tarantella touches you.
You are afflicted by dizzying energies!
You are confused.
The tarantella closely misses you.
You are engulfed in freezing vapours.
You resist. The tarantella misses you.
The orb spider pulsates with a strange energy.
The tarantella closely misses you.
Things that are here:
a tarantella corpse; a redback corpse You bump into the rock wall.
You are engulfed in freezing vapours.
You resist. The tarantella touches you! The tarantella completely misses you.
The tarantella barely misses you.
The orb spider weaves a glowing orb of energy.
An orb of destruction comes into view.
The wavering orb of destruction hits you!!
* * * LOW HITPOINT WARNING * * *
The tarantella attacks as it pursues you!
The tarantella closely misses you. The tarantella closely misses you.
You hit the tarantella.
The tarantella is lightly wounded.
The tarantella touches you but does no damage.
The orb spider spins a strand of pure energy.
The tarantella touches you but does no damage.
The tarantella attacks as it pursues you!
The tarantella closely misses you. x2
You slash the tarantella!
The tarantella is moderately wounded.
You feel less confused. The tarantella completely misses you.
You open the tarantella like a pillowcase!!!
You kill the tarantella!
Your divine shield fades away.
The orb spider weaves a glowing orb of energy.
An orb of destruction comes into view.
The orb of destruction hits you!!!
Ouch! That really hurt!
You die...

#...##.. ^..#
##...#.^##^..##
#...#...###.^#
##..###..##..###
#..#....###...###
#^..†.[#.○s#††..#
##..^.##○#...#^^..#
#.^##..☼#..#^#..^#
##^.#.@##††#s#..##
##....^..##s..s#
#...#^###..#..#
####..# #.##..
##...## #.. ..s
#...## .. #. #.^##
###


There were no monsters in sight!

Vanquished Creatures
  A ghost moth (Spider:2)
  The ghost of Biscolet the Fighter, a journeyman DjIE of Ashenzari (Lair:5)
  2 emperor scorpions (Spider:4)
  A very ugly thing (IceCv)
  2 spark wasps
  An entropy weaver (Spider:2)
  2 hydras
  2 caustic shrike simulacra (IceCv)
  A jorogumo (Spider:2)
  A radroach (Spider:4)
  3 two-headed ogres
  15 death yaks (Lair:5)
  4 boulder beetles
  2 catoblepae
  A deep troll shaman (Lair:5)
  5 demonic crawlers
  Urug (D:11)
  5 pharaoh ants
  3 orb spiders
  A lindwurm (Lair:5)
  4 steelbarb worms
  An orange crystal statue (IceCv)
  An oklob plant (Lair:5)
  7 wolf spiders
  A salamander (Lair:5)
  2 ugly things
  A manticore (D:11)
  2 moths of wrath
  Joseph (D:7)
  16 elephants
  2 black mambas
  2 gargoyles
  11 cane toads
  10 torpor snails
  4 rime drakes
  An anaconda simulacrum (IceCv)
  A freezing wraith (IceCv)
  5 komodo dragons
  A kobold demonologist (D:10)
  Psyche (D:11)
  2 trolls
  4 polar bears
  13 blink frogs
  A merfolk (D:8)
  Prince Ribbit (D:7)
  15 tarantellas
  5 culicivoras
  7 jumping spiders
  3 spriggans (Lair:2)
  A dire elephant simulacrum (IceCv)
  A shadow (D:10)
  4 wyverns
  44 yaks
  23 redbacks
  A steam dragon (D:8)
  4 fire bats (Lair:5)
  Eustachio (D:5)
  2 basilisks
  2 acid dragons
  2 harpy simulacra (IceCv)
  10 water moccasins
  Duvessa (D:7)
  A hydra simulacrum (IceCv)
  3 orc warriors
  2 ice beasts
  2 black bears
  An ettin simulacrum (IceCv)
  6 laughing skulls (Gauntlet)
  18 wolves
  4 centaurs
  2 weeping skulls (Gauntlet)
  3 phantoms
  5 kobold brigands
  12 bullfrogs
  2 gnoll sergeants
  3 scorpions
  Dowan (D:7)
  3 troll zombies (D:10)
  3 killer bees
  3 electric eels (Lair:5)
  2 bombardier beetles
  2 hounds (D:6)
  8 orc priests
  5 jellies
  A sleepcap (D:7)
  2 iguanas (D:5)
  9 orc wizards
  5 ogre zombies (D:10)
  Robin (D:3)
  8 adders
  18 gnolls
  A shadow imp (D:6)
  A white imp (D:5)
  4 ufetubi
  2 dart slugs
  34 orcs
  5 endoplasms
  A giant cockroach (D:1)
  A gnoll zombie (D:10)
  11 goblins
  12 hobgoblins
  7 jackals (D:1)
  6 quokkas
  3 ball pythons
  A bat (D:2)
  A frilled lizard (D:1)
  A gnoll skeleton (D:10)
  32 kobolds
  An orc skeleton (D:10)
  20 orc zombies (D:10)
  6 rats
560 creatures vanquished.

Vanquished Creatures (collateral kills)
  An emperor scorpion (Spider:1)
  A very ugly thing (IceCv)
  A minotaur (Gauntlet)
  The ghost of edsrzf the Black Belt, a journeyman DgSh (Lair:2)
  2 hydras (Lair:5)
  A demonic crawler (Spider:1)
  A freezing wraith (IceCv)
  A tarantella (Spider:1)
  2 hornets (Lair:2)
  2 culicivoras (Spider:1)
  A jumping spider (Spider:1)
  3 spriggans (Lair:2)
  5 redbacks (Spider:1)
22 creatures vanquished.

Vanquished Creatures (others)
  A redback (Spider:4)
1 creature vanquished.

Grand Total: 583 creatures vanquished

Notes
Turn   | Place    | Note
-------+----------+-------------------------------------------
     0 | D:1      | jagoly the Gargoyle Monk began the quest for the Orb.
     0 | D:1      | Reached XP level 1. HP: 14/14 MP: 1/1
    29 | D:1      | Reached XP level 2. HP: 9/19 MP: 2/2
    45 | D:1      | Reached skill level 3 in Axes
   127 | D:1      | Reached skill level 1 in Stealth
   182 | D:1      | Reached XP level 3. HP: 20/24 MP: 3/3
   319 | D:2      | Reached XP level 4. HP: 20/29 MP: 4/4
   365 | D:2      | Reached skill level 4 in Axes
   557 | D:3      | Identified the +2 pair of gloves "Luyshaenk" {Str+5 Int+3}
   829 | D:4      | Noticed a scorpion
   840 | D:3      | Identified the +3 flail of the Telling Puffin {flame, rPois
                  | rN+ Str-2}
   850 | D:3      | Reached XP level 5. HP: 34/34 MP: 5/5
   853 | D:3      | Noticed Robin
   908 | D:3      | Killed Robin
   944 | D:3      | Found a sacrificial altar of Ru.
  1017 | D:4      | Found a radiant altar of Vehumet.
  1237 | D:4      | Reached skill level 5 in Axes
  1237 | D:4      | Reached XP level 6. HP: 40/40 MP: 6/6
  1522 | D:4      | Found a white marble altar of Elyvilon.
  1550 | D:4      | Found a shimmering blue altar of Sif Muna.
  1582 | D:4      | Reached skill level 5 in Fighting
  1617 | D:5      | Entered Level 5 of the Dungeon
  1635 | D:4      | Found a staircase to the Ecumenical Temple.
  1644 | Temple   | Entered the Ecumenical Temple
  1650 | Temple   | Became a worshipper of the Shining One
  1650 | Temple   | Reached * piety under the Shining One
  1650 | Temple   | Reached ** piety under the Shining One
  1833 | D:5      | Noticed Eustachio
  1874 | D:5      | Killed Eustachio
  1875 | D:5      | Reached XP level 7. HP: 41/44 MP: 7/7
  1944 | D:6      | Reached skill level 6 in Axes
  2159 | D:6      | Reached skill level 1 in Throwing
  2159 | D:6      | Reached XP level 8. HP: 18/51 MP: 8/8
  2251 | D:6      | Reached skill level 7 in Axes
  2436 | D:5      | Found Emaximao's Jewellery Boutique.
  2771 | D:7      | Reached skill level 8 in Axes
  2803 | D:7      | Noticed Joseph
  2803 | D:7      | Reached *** piety under the Shining One
  2814 | D:7      | Reached XP level 9. HP: 56/56 MP: 5/9
  2836 | D:7      | Killed Joseph
  2837 | D:7      | Reached skill level 5 in Armour
  2982 | D:7      | Noticed Prince Ribbit
  3004 | D:7      | Killed Prince Ribbit
  3129 | D:8      | Found a basalt altar of Yredelemnul.
  3129 | D:8      | Found a bloodstained altar of Trog.
  3187 | D:8      | Reached skill level 9 in Axes
  3191 | D:8      | Found an ornate altar of the Wu Jian Council.
  3214 | D:7      | Noticed Dowan
  3216 | D:7      | Noticed Duvessa
  3222 | D:7      | Killed Duvessa
  3228 | D:7      | Killed Dowan
  3240 | D:8      | Found Qaprylli's Tremendous Tomes.
  3324 | D:8      | Noticed a green ugly thing
  3346 | D:8      | Killed a green ugly thing
  3347 | D:8      | Reached XP level 10. HP: 64/64 MP: 10/10
  3658 | D:8      | Found a burning altar of Makhleb.
  3679 | D:8      | Reached skill level 10 in Axes
  3737 | D:9      | Found a transporter.
  3739 | D:9      | Noticed a skeletal warrior
  3741 | D:9      | Noticed a tengu warrior
  3759 | D:9      | Found a transporter.
  3785 | D:9      | Reached skill level 1 in Invocations
  3803 | D:10     | Entered Level 10 of the Dungeon
  4529 | D:11     | Noticed a cyan ugly thing
  4537 | D:11     | Noticed a two-headed ogre
  4550 | D:10     | Killed a cyan ugly thing
  4702 | D:10     | Reached **** piety under the Shining One
  4763 | D:10     | Found a staircase to the Orcish Mines.
  4787 | D:10     | Reached ***** piety under the Shining One
  4873 | D:10     | Noticed a kobold demonologist
  4877 | D:10     | Noticed a sixfirhy
  4881 | D:10     | Killed a kobold demonologist
  4953 | D:11     | Noticed a gargoyle
  4961 | D:11     | Reached skill level 11 in Axes
  4961 | D:11     | Reached XP level 11. HP: 65/71 MP: 8/11
  5009 | D:11     | Found a staircase to the Lair.
  5013 | D:11     | Noticed Psyche
  5028 | D:11     | Killed Psyche
  5141 | D:11     | Noticed Urug
  5166 | D:11     | Killed Urug
  5167 | D:11     | Reached skill level 1 in Evocations
  5221 | D:11     | Noticed a two-headed ogre
  5260 | D:11     | Killed a two-headed ogre
  5383 | D:10     | Reached skill level 12 in Axes
  5527 | D:11     | Noticed a manticore
  5539 | D:11     | Killed a manticore
  5540 | D:11     | Reached skill level 10 in Fighting
  5589 | D:11     | Reached skill level 1 in Shields
  5644 | D:11     | Killed a two-headed ogre
  5708 | D:12     | Noticed a two-headed ogre
  5724 | D:12     | Killed a two-headed ogre
  5832 | D:12     | Reached skill level 5 in Shields
  5946 | D:12     | Identified the +7 rapier "Xexygal" {freeze, Stlth+}
  6087 | Lair:1   | Entered Level 1 of the Lair of Beasts
  6102 | Lair:1   | Found a gate leading to a gauntlet.
  6105 | Lair:1   | Reached XP level 12. HP: 77/77 MP: 13/13
  6116 | Gauntlet | Entered a Gauntlet
  6116 | Gauntlet | Found a transporter.
  6119 | Gauntlet | Found a transporter.
  6120 | Gauntlet | Found a transporter.
  6120 | Gauntlet | Noticed a death yak
  6120 | Gauntlet | Noticed a death yak
  6121 | Gauntlet | Noticed a death yak
  6121 | Gauntlet | Noticed a death yak
  6124 | Gauntlet | Found a transporter.
  6125 | Gauntlet | Noticed a death yak
  6126 | Gauntlet | Found a transporter.
  6126 | Gauntlet | Found a transporter.
  6126 | Gauntlet | Noticed a death yak
  6138 | Gauntlet | Noticed an entropy weaver
  6173 | Gauntlet | Reached ****** piety under the Shining One
  6184 | Gauntlet | Identified the amulet of the Firefly {RegenMP rElec Str+2
                  | Dex-4}
  6204 | Gauntlet | Found a transporter.
  6211 | Gauntlet | Identified the ring of Juf Kull {rElec rCorr Int-4 Dex+6
                  | Stlth+}
  6254 | Gauntlet | Found the -2 hat of the Alchemist {rElec rPois rF+ rC+ rN+
                  | Will+ rMut rCorr}
  6254 | Gauntlet | Noticed a minotaur
  6260 | Gauntlet | Killed a minotaur
  6294 | Gauntlet | Identified the +4 war axe of Triumph {elec, rPois Will-
                  | Dex+7}
  6294 | Gauntlet | Identified the +1 leather armour "Tecuizau" {+Inv rF-
                  | Slay+3}
  6301 | Gauntlet | Learned a level 1 spell: Apportation
  6305 | Gauntlet | Learned a level 3 spell: Passwall
  6366 | Lair:1   | Reached skill level 1 in Earth Magic
  6564 | Lair:2   | Reached skill level 5 in Earth Magic
  6580 | Lair:3   | Reached skill level 1 in Translocations
  6652 | Lair:2   | Found a staircase to the Swamp.
  6714 | Lair:2   | Noticed edsrzf's ghost (journeyman DgSh)
  6721 | Lair:2   | Found a transporter.
  6726 | Lair:2   | Found a bloodstained altar of Trog.
  6736 | Lair:2   | Found a hole to the Spider Nest.
  6832 | Lair:2   | Found a snail-covered altar of Cheibriados.
  7027 | Lair:3   | Reached skill level 13 in Axes
  7030 | Lair:3   | Reached XP level 13. HP: 72/83 MP: 14/14
  7075 | Lair:3   | Reached skill level 5 in Dodging
  7240 | Lair:5   | Entered Level 5 of the Lair of Beasts
  7280 | Lair:5   | Found a staircase to the Slime Pits.
  7531 | Lair:5   | Found a runed translucent gate.
  7532 | Lair:5   | Found a runed translucent gate.
  7534 | Lair:5   | Found a runed translucent gate.
  7535 | Lair:5   | Noticed Biscolet's ghost (journeyman DjIE)
  7569 | Lair:5   | Found a sparkling altar of Nemelex Xobeh.
  7735 | Lair:5   | Gained mutation: Your large and strong wings let you fly.
                  | [Gargoyle growth]
  7735 | Lair:5   | Reached XP level 14. HP: 90/90 MP: 15/15
  7756 | Lair:5   | Reached skill level 10 in Armour
  7981 | Lair:5   | Found the +8 pair of quick blades "Gyre" and "Gimble"
                  | {protect}
  7988 | Lair:5   | Got an earthy gem with 1923 turns to spare
  8100 | Lair:5   | Killed Biscolet's ghost
  8180 | Lair:3   | Reached skill level 5 in Invocations
  8313 | Lair:2   | Killed edsrzf's ghost
  8317 | Lair:2   | Found a transporter.
  8369 | Spider:1 | Entered Level 1 of the Spider Nest
  8381 | Spider:1 | Noticed an emperor scorpion
  8394 | Spider:1 | Killed an emperor scorpion
  8416 | Spider:1 | Reached skill level 14 in Axes
  8564 | Spider:2 | Reached XP level 15. HP: 96/96 MP: 21/21
  8656 | Spider:2 | Noticed a ghost moth
  8662 | Spider:2 | Reached skill level 10 in Shields
  8675 | Spider:2 | Killed a ghost moth
  9102 | Spider:3 | Found a glacial archway.
  9148 | IceCv    | Entered an ice cave
  9163 | IceCv    | Reached skill level 5 in Translocations
  9185 | IceCv    | Found a transporter.
  9193 | IceCv    | Found a transporter.
  9259 | Spider:4 | Entered Level 4 of the Spider Nest
  9531 | Spider:4 | Noticed an emperor scorpion
  9537 | Spider:4 | Killed an emperor scorpion
  9562 | Spider:4 | Noticed an emperor scorpion
  9576 | Spider:4 | Killed an emperor scorpion
  9579 | Spider:4 | Reached skill level 15 in Axes
  9581 | Spider:4 | Reached XP level 16. HP: 52/103 MP: 22/22
  9609 | Spider:4 | Blown up by an orb spider

Illustrated notes

Levels and vault maps discovered:
D:1:      heliophobic_arrival_battle_scene, layout_basic, serial_shops, shop,
          hellmonk_ecumenical_altar_crossroads, minmay_misc_feat_more_columns,
          hangedman_decor_points, minmay_misc_feat_square
D:2:      wad_woods_settlement, layout_loops_ring
D:3:      layout_basic, nicolae_overflow_hidden_temple,
          chequers_serial_rivers_marsh, uniq_robin
D:4:      cheibrodos_thug_alley, layout_basic, nicolae_sif_muna_condensation,
          fiery_altar_vehumet, mainiacjoe_overflow_chevrons,
          minmay_temple_entry_waves
D:5:      layout_loops_ring, serial_shops, shop, uniq_eustachio
D:6:      layout_rooms, st_stairs_4, serial_bayou_pond_b, minmay_door_square,
          chequers_decorated_corner
D:7:      layout_basic, gammafunk_temple_overflow_claw, uniq_menkaure,
          uniq_maggie, uniq_joseph, uniq_duvessa, uniq_prince_ribbit1
D:8:      layout_basic, gammafunk_temple_overflow_pools,
          nicolae_wu_jian_immortal_techniques, nicolae_shop_i_like_big_books,
          roadster_trireme
D:9:      gammafunk_sealed_arena, layout_basic, minmay_tree_intersection
D:10:     layout_basic, zombieorc2_lemuel, serial_co_window_serial,
          co_window_paths_a, co_window_paths_a, co_window_corner_a,
          co_window_corner_a, co_window_paths_a, co_window_of_opportunity_a,
          co_window_of_opportunity_a, co_window_broadway_b, co_window_cross_2,
          co_window_broadway_a, co_window_2corner, co_window_paths_c
D:11:     layout_basic, hellmonk_lair_entry_icy, uniq_psyche, uniq_urug
D:12:     orc_temple, layout_grid_maze, uniq_sonja, uniq_nergalle
Temple:   nicolae_temple_bog_church
Lair:1:   layout_layer_cave, gauntlet_entry_generic
Lair:2:   layout_regular_city, swamp_mist_pool, spider_nest_entry_web_field,
          gammafunk_ghost_wrathful_warriors, kennysheep_snail_temple
Lair:3:   layout_gridlike, serial_bayou_shore_b, grunt_megastairs_4
Lair:4:   layout_hall_layers, maelrawn_ghost_gauntlet_escape
Lair:5:   grunt_lair_end_beastmaster, layout_gridlike,
          nicolae_slime_entry_field_trip, gammafunk_ghost_hydra_chop,
          lemuel_oklob_altar, serial_bayou_shore_a
Spider:1: layout_spider_delve
Spider:2: layout_spider_delve, nicolae_spider_webs_and_nodes,
          nicolae_spider_twisty_arc_passages
Spider:3: layout_chambers, portal_ice_cave_entry_pillars_1,
          hellmonk_motheaten_closet
Spider:4: grunt_spider_rune_circles

Skill      XL: |  1  2  3  4  5  6  7  8  9 10 11 12 13 14 15 16 |
---------------+-------------------------------------------------+-----
Axes           | 3 4 5 6 8 9 11 12 13 14 15 | 15.0
Stealth        | 1 2 |  2.0
Fighting       | 4 5 6 7 9 10 11 12 13 | 13.0
Armour         | 2 3 4 6 7 8 9 10 11 | 11.6
Throwing       | 1 2 |  2.0
Dodging        | 3 4 5 6 |  6.0
Invocations    | 1 2 8 9 |  9.3
Evocations     | 2 |  2.0
Shields        | 5 6 8 9 11 | 11.7
Earth Magic    | 6 8 |  8.0
Translocations | 3 4 5 |  5.0

Action                     |  1- 3 |  4- 6 |  7- 9 | 10-12 | 13-15 | 16-18 || total
---------------------------+-------+-------+-------+-------+-------+-------++-------
  Melee: Hand axe          |   108 |    55 |     8 |     6 |       |       ||   177
         Flail             |       |    77 |   181 |   545 |    26 |       ||   829
         Broad axe         |       |       |       |    47 |   543 |    16 ||   606
         War axe           |       |       |       |   126 |       |       ||   126
         Trident           |       |       |       |       |    13 |       ||    13
   Fire: Sling             |       |    55 |    31 |       |       |       ||    86
  Throw: Stone             |       |     3 |     5 |    25 |    89 |       ||   122
         Dart              |       |       |    11 |    53 |    14 |       ||    78
         Boomerang         |       |       |     2 |    11 |       |       ||    13
         Throwing net      |       |       |     1 |     2 |       |       ||     3
         Javelin           |       |       |       |     1 |       |       ||     1
 Invoke: Divine Shield     |       |       |     1 |     1 |     8 |       ||    10
         Summon Divine War |       |       |       |     1 |     4 |       ||     5
  Evoke: Wand              |       |       |       |     3 |     1 |       ||     4
    Use: Scroll            |       |       |       |     6 |     5 |       ||    11
         Potion            |       |       |       |     1 |     4 |       ||     5
 Armour: Robe              |    21 |       |       |       |       |       ||    21
         Ring mail         |    46 |    20 |       |       |       |       ||    66
         Scale mail        |       |    75 |    84 |       |       |       ||   159
         Chain mail        |       |       |   105 |    13 |       |       ||   118
         Acid dragon scale |       |       |       |   447 |       |       ||   447
         Quicksilver drago |       |       |       |    69 |   639 |    27 ||   735
  Dodge: Dodged            |    83 |    75 |   104 |   458 |   625 |    24 ||  1369
  Block: Buckler           |       |       |       |    65 |    20 |       ||    85
         Kite shield       |       |       |       |       |   602 |    19 ||   621
